 Dungeon Crawl Stone Soup version 0.31-a0-845-g9abc20d24f (webtiles) character file.

Game seed: 97189655060207973

801 Nattfarinn the Shooter (level 8, -8/50 HPs)
             Began as a Djinni Venom Mage on Oct 2, 2023.
             Mangled by an ogre
             ... wielding a +0 giant club
              (18 damage)
             ... on level 6 of the Dungeon.
             The game lasted 00:08:59 (4190 turns).

Nattfarinn the Shooter (Djinni Venom Mage)          Turns: 4190, Time: 00:09:00

Health: -8/50      AC:  8    Str:  7    XL:     8   Next: 14%
Gold:   178        EV: 17    Int: 16    God:
                   SH:  0    Dex: 17

rFire   + + .        m - +6 sling
rCold   x . .        (no shield)
rNeg    . . .        r - +0 leather armour {Will+}
rPois   ∞            (no helmet)
rElec   .            (no cloak)
rCorr   .            q - +0 pair of gloves
SInv    .            (boots unavailable)
Will    +....        (no amulet)
Stlth   ++           k - +4 ring of protection
HPRegen 0.28/turn    t - +5 ring of evasion
MPRegen 0.00/turn

%: infuse magic (-9 HP)
@: about to teleport, flying, hasted, very quick
A: sickness immunity, fire resistance 2, cold vulnerability 1, float, innate
caster, HP casting, extra vitality 1
a: no special abilities


You were on level 6 of the Dungeon.
You visited 1 branch of the dungeon, and saw 6 of its levels.

You collected 243 gold pieces.
You spent 65 gold pieces at shops.

Inventory:

Hand Weapons
 m - a +6 sling (weapon)
Armour
 q - a +0 pair of gloves (worn)
 r - a +0 leather armour of willpower (worn)
Jewellery
 k - a +4 ring of protection (left hand)
 t - a +5 ring of evasion (right hand)
 u - a ring of protection from cold
Talismans
 h - a beast talisman
 o - a flux talisman
Wands
 x - a wand of iceblast (10)
Scrolls
 a - a scroll of revelation
 b - 5 scrolls of amnesia
 f - a scroll of enchant armour {unknown}
 j - 4 scrolls of teleportation
 l - a scroll of summoning
 n - 2 scrolls of identify
 p - 3 scrolls of vulnerability
 w - a scroll of poison {unknown}
Potions
 c - a potion of haste
 d - a potion of enlightenment {unknown}
 e - 4 potions of brilliance
 g - 2 potions of curing {unknown}
 i - a potion of ambrosia {unknown}
 s - 4 potions of heal wounds {unknown}
 v - 2 potions of magic {unknown}


   Skills:
 * Level 6.7 Ranged Weapons
 - Level 2.1 Dodging
 - Level 1.5 Stealth
 - Level 3.5 Spellcasting
 - Level 3.5 Conjurations
 - Level 3.5 Hexes
 - Level 3.5 Summonings
 - Level 3.5 Necromancy
 - Level 3.5 Translocations
 - Level 3.5 Transmutations
 - Level 3.5 Fire Magic
 - Level 3.5 Ice Magic
 - Level 3.5 Air Magic
 - Level 3.5 Earth Magic
 - Level 3.5 Poison Magic


You knew the following spells:

 Your Spells              Type           Power      Damage    Failure   Level
a - Sting                 Tmut/Pois      56%        1d5       6%          1
b - Poisonous Vapours     Pois/Air       28%        N/A       10%         2
c - Mephitic Cloud        Conj/Pois/Air  14%        N/A       19%         3
d - Olgreb's Toxic Radia  Pois           14%        N/A       54%         4
e - Foxfire               Conj/Fire      56%        2x1d6     6%          1
f - Ensorcelled Hibernat  Hex/Ice        28%        N/A       10%         2
g - Passwall              Tmut/Erth      11%        N/A       10%         2
Your spell library was empty.

Dungeon Overview and Level Annotations

Branches:
Dungeon (6/15)
 Temple: D:4-7

Altars:
Cheibriados
Fedhas
Hepliaklqana
Nemelex Xobeh
The Shining One

Shops:
D:2 ?

Annotations:
D:5 3 runed translucent doors, temujin's ghost, novice DECj


Innate Abilities, Weirdness & Mutations

You are immune to sickness and miasma.
You are immune to poison.
Your flesh is very heat resistant. (rF++)
You are vulnerable to cold. (rC-)
You float through the air rather than walking.
You learn spells naturally, not from books.
Your magical power is your life essence.
You have superior vitality. (+4 MHP)


Message History

Casting: Poisonous Vapours (safe; 10% risk of failure)
Confirm with . or Enter, or press ? or * to list all spells.
Aiming: Poisonous Vapours (safe; 10% risk of failure)
Press: ? - help, Dir - move target, f/p - orc priest
Aim: an orc priest, wielding a +1 flail of protection and wearing a +0 chain mail (moderately wounded, confused) Poisonous vapours surround the orc priest!
The orc priest is poisoned.
* * * LOW HITPOINT WARNING * * *
Casting: Poisonous Vapours (safe; 10% risk of failure)
Confirm with . or Enter, or press ? or * to list all spells.
Aiming: Poisonous Vapours (safe; 10% risk of failure)
Press: ? - help, Dir - move target, f/p - orc priest
Aim: an orc priest, wielding a +1 flail of protection and wearing a +0 chain mail (heavily wounded, confused, poisoned) Poisonous vapours surround the orc priest!
The orc priest looks even sicker.
* * * LOW HITPOINT WARNING * * *
Casting: Poisonous Vapours (safe; 10% risk of failure)
Confirm with . or Enter, or press ? or * to list all spells.
Aiming: Poisonous Vapours (safe; 10% risk of failure)
Press: ? - help, Dir - move target, f/p - orc priest
Aim: an orc priest, wielding a +1 flail of protection and wearing a +0 chain mail (heavily wounded, confused, very poisoned) Poisonous vapours surround the orc priest!
The orc priest looks even sicker.
* * * LOW HITPOINT WARNING * * *
The orc priest barely misses you.
An ogre comes into view. It is wielding a +0 giant club.
The orc priest completely misses you.
The orc priest closely misses the ogre.
Your magical contamination has completely faded away.
An orc comes into view. It is wielding a +0 hand axe.
The orc priest hits the ogre with a +1 flail of protection.
An orc comes into view. It is wielding a +0 mace.
Okay, then.
As you read the scroll of teleportation, it crumbles to dust.
You feel strangely unstable.
The orc shouts!
You kill the orc priest!
It was a potion of haste.
You feel yourself speed up.
The ogre hits you with a +0 giant club!!
You die...

#........##
#.........##
#...)......#
#.#.....)....###..#
#)...o....#......#
#.###.###.#O#
#o#<#.#.# #.#...#.#
#@#####.# #.O...).#
#########


You could see an ogre and 2 orcs.

Vanquished Creatures
  An ice beast (D:5)
  A black bear (D:5)
  An ogre (D:4)
  A scorpion (D:5)
  3 wights (D:6)
  A howler monkey (D:4)
  An orc priest (D:6)
  A hound (D:5)
  Terence (D:2)
  2 iguanas (D:5)
  3 gnolls (D:3)
  4 adders
  A shadow imp (D:5)
  A white imp (D:5)
  A worm (D:4)
  2 dart slugs
  8 orcs
  6 bats
  6 endoplasms
  7 hobgoblins
  2 jackals (D:4)
  3 quokkas
  3 ball pythons
  2 frilled lizards
  4 goblins
  3 kobolds
  5 rats
74 creatures vanquished.

Vanquished Creatures (others)
  138 foxfires
138 creatures vanquished.

Grand Total: 212 creatures vanquished

Notes
Turn   | Place    | Note
-------+----------+-------------------------------------------
     0 | D:1      | Nattfarinn the Djinni Venom Mage began the quest for the
                  | Orb.
     0 | D:1      | Nattfarinn set off with the following spells memorised:
                  | Sting, Poisonous Vapours, Mephitic Cloud, Olgreb's Toxic
                  | Radiance.
     0 | D:1      | Reached XP level 1. HP: 15/15 MP: 0/0
   232 | D:1      | Reached XP level 2. HP: 11/21 MP: 0/0
  1013 | D:2      | Found Hefreh's Magic Scroll Emporium.
  1021 | D:2      | Bought a scroll of identify for 26 gold pieces
  1021 | D:2      | Bought a scroll of teleportation for 39 gold pieces
  1099 | D:2      | Found a sparkling altar of Nemelex Xobeh.
  1489 | D:2      | Reached XP level 3. HP: 17/25 MP: 0/0
  1489 | D:2      | Learned a level 1 spell: Foxfire
  1629 | D:2      | Reached skill level 1 in Ranged Weapons
  1646 | D:2      | Noticed Terence
  1666 | D:2      | Killed Terence
  1667 | D:2      | Reached skill level 2 in Ranged Weapons
  1667 | D:2      | Reached XP level 4. HP: 5/31 MP: 0/0
  2138 | D:3      | Reached XP level 5. HP: 24/35 MP: 0/0
  2138 | D:3      | Learned a level 2 spell: Ensorcelled Hibernation
  2186 | D:3      | Found a glowing golden altar of the Shining One.
  2205 | D:3      | Reached skill level 3 in Ranged Weapons
  2809 | D:4      | Found a blossoming altar of Fedhas.
  2867 | D:4      | Noticed an ogre
  2882 | D:4      | Killed an ogre
  2883 | D:4      | Reached skill level 4 in Ranged Weapons
  2883 | D:4      | Reached XP level 6. HP: 28/40 MP: 0/0
  3293 | D:5      | Entered Level 5 of the Dungeon
  3293 | D:5      | Noticed a black bear
  3331 | D:5      | Found a runed translucent gate.
  3332 | D:5      | Found a runed translucent gate.
  3333 | D:5      | Found a runed translucent gate.
  3333 | D:5      | Noticed temujin's ghost (novice DECj)
  3337 | D:5      | Noticed an ice beast
  3346 | D:5      | Found a faded altar of an unknown god.
  3346 | D:5      | Found a hazy altar of Hepliaklqana.
  3346 | D:5      | Found a faded altar of an unknown god.
  3471 | D:5      | Reached XP level 7. HP: 27/45 MP: 0/0
  3471 | D:5      | Learned a level 2 spell: Passwall
  3647 | D:5      | Reached skill level 5 in Ranged Weapons
  3993 | D:5      | Found a snail-covered altar of Cheibriados.
  4000 | D:5      | Reached skill level 6 in Ranged Weapons
  4127 | D:6      | Reached XP level 8. HP: 45/50 MP: 0/0
  4190 | D:6      | Mangled by an ogre

Illustrated notes

Levels and vault maps discovered:
D:1:      dpeg_arrival_triangle_fractal, layout_basic, minivault_19,
          corexii_leaking_fountain, grunt_decor_one_mirror, minmay_bisected
D:2:      layout_basic, serial_shops, shop, basic_altar, amethyst_killhole,
          ebering_dispersal_statue_hall, uniq_terence
D:3:      layout_basic, mainiacjoe_overflow_brackets, lemuel_doored_altar
D:4:      layout_loops_ring, fedhas_altar_4
D:5:      layout_gridville, nicolae_overflow_hidden_temple,
          nicolae_hepliaklqana_ecumenical_no_more, gammafunk_ghost_split
D:6:      layout_basic, kennysheep_orc_sif_temple,
          chequers_temple_overflow_minitemple, gup_sewer_entry_spiral

Skill      XL: |  1  2  3  4  5  6  7 |
---------------+----------------------+-----
Spellcasting   | |  3.5
Conjurations   | |  3.5
Hexes          | |  3.5
Summonings     | |  3.5
Necromancy     | |  3.5
Translocations | |  3.5
Transmutations | |  3.5
Fire Magic     | |  3.5
Ice Magic      | |  3.5
Air Magic      | |  3.5
Earth Magic    | |  3.5
Poison Magic   | |  3.5
Ranged Weapons | 2 4 6 |  6.7
Dodging        | |  2.1
Stealth        | |  1.5

Action                     |  1- 3 |  4- 6 |  7- 9 || total
---------------------------+-------+-------+-------++-------
  Melee: Unarmed           |     3 |       |       ||     3
   Fire: Sling             |    40 |   103 |    31 ||   174
   Cast: Sting             |    27 |       |       ||    27
         Mephitic Cloud    |     2 |     1 |     1 ||     4
         Poisonous Vapours |     1 |     7 |     3 ||    11
         Foxfire           |       |    40 |    35 ||    75
    Use: Scroll            |       |     9 |     1 ||    10
         Potion            |       |       |     1 ||     1
 Armour: Robe              |    26 |       |       ||    26
         Leather armour    |       |    46 |    14 ||    60
  Dodge: Dodged            |    23 |    46 |    17 ||    86

Table legend: (Time is in decaauts)
 A = Elapsed time spent in this place.
 B = Non-inter-level travel time spent in this place.
 C = Inter-level travel time spent in this place.
 D = Time resting spent in this place.
 E = Time spent auto-exploring this place.
 F = Levels seen in this place.
 G = Mean time per level.
                   A        B        C        D        E       F      G
               +--------+--------+--------+--------+--------+-----+--------+
         Total |   4240 |   3996 |    244 |      0 |   3399 |   6 |  706.7 |
       Dungeon |   4240 |   3996 |    244 |      0 |   3399 |   6 |  706.7 |
               +--------+--------+--------+--------+--------+-----+--------+

Top non-repeatable levels by time:
     D:2: 1146 daAuts
     D:1: 967 daAuts
     D:5: 789 daAuts
     D:4: 685 daAuts
     D:3: 564 daAuts
     D:6: 86 daAuts
